Senators vs Saguenéens

Created - 23 janvier 2017 at 19:07

Goals
1 2 3 T
Senators 1 1 3 5
Saguenéens 0 1 1 2
Shots
1 2 3 T
Senators 13 13 13 39
Saguenéens 9 9 12 30

1st period

1. Senators , Cody Hodgson 23 (Josh Hennessy) at 4:44

Penalties :
No Penalty

2nd period

2. Saguenéens , Rhett Rakhshani 8 (Oscar Klefbom, Luke Witkowski) at 4:17
3. Senators , Stanislav Chistov 19 (Sergei Kostitsyn, Cody Hodgson) at 6:45 (PP)

Penalties :
Andy Hilbert (BIN) for Hooking (Minor) at 1:35, Shane Sims (BIN) for Hooking (Minor) at 4:33, Craig Cunningham (Chi) for Slashing (Minor) at 6:37, Logan Stephenson (BIN) for Roughing (Minor) at 10:27, Teemu Pulkkinen (Chi) for Tripping (Minor) at 14:09

3rd period

4. Senators , Logan Stephenson 4 (Mark Olver) at 0:33
5. Senators , Josh Hennessy 6 (Shane Sims, Nick Bjugstad) at 1:29
6. Senators , Stanislav Chistov 20 (Sergei Kostitsyn, Cody Hodgson) at 7:11
7. Saguenéens , Tyler Kennedy 37 (Mason Raymond, Tim Kennedy) at 9:19

Penalties :
Spencer Machacek (Chi) for Roughing (Minor) at 10:38

Goalie Stats

Jeff Frazee (BIN), 28 saves from 30 shots - (0,933), W, 4-10-0, 60:00 minutes
Mike Smith (Chi), 34 saves from 39 shots - (0,872), L, 19-13-2, 60:00 minutes

Players Stats for Senators

Player Name              G  A  P  +/- PIM S  H  SB GA TA FO     MP     PP MP  PK MP  
------------------------------------------------------------------------------------
Andy Hilbert             0  0  0   1  2   3  1  0  0  1  0/0    12:00   1:48   2:08 
Cody Hodgson             1  2  3   2  0   7  1  0  2  0  18/28  19:54   2:16   1:07 
Gabriel Bourque          0  0  0  -1  0   4  1  2  1  0  0/1    16:15   0:02   1:34 
Jack Skille              0  0  0  -1  0   2  2  0  0  0  0/0    14:42   1:48   0:00 
Jaden Schwartz           0  0  0   0  0   1  1  0  0  0  0/0    11:30   0:02   0:45 
Jeff Petry               0  0  0   0  0   1  1  1  0  1  0/0    21:04   1:26   3:12 
Josh Hennessy            1  1  2   1  0   1  2  0  0  0  1/2     9:50   1:48   0:00 
Logan Stephenson         1  0  1   3  2   1  3  6  0  1  0/0    25:05   2:40   1:43 
Mark Olver               0  1  1  -1  0   3  4  1  2  0  6/9    16:11   0:00   1:33 
Martin Marincin          0  0  0  -1  0   1  0  1  0  0  0/0    12:44   0:00   0:15 
Matt Frattin             0  0  0   0  0   0  1  0  0  1  0/0    10:42   0:00   0:00 
Milan Jurcina            0  0  0   3  0   1  1  3  1  0  0/0    26:37   2:40   2:55 
Nick Bjugstad            0  1  1   0  0   2  0  2  0  1  4/5    11:16   0:00   0:34 
Nicolas Deslauriers      0  0  0  -1  0   2  1  1  0  1  0/0    14:45   0:00   1:49 
Sergei Kostitsyn         0  2  2   2  0   5  0  1  0  1  2/4    21:54   2:18   3:06 
Shane Sims               0  1  1   0  2   1  0  0  0  1  0/0    19:51   1:26   2:00 
Stanislav Chistov        2  0  2   2  0   4  2  3  0  0  2/2    19:54   2:16   1:07 
Tomas Jurco              0  0  0   1  0   0  0  0  0  1  1/1     9:46   0:00   0:00 

Players Stats for Saguenéens

Player Name              G  A  P  +/- PIM S  H  SB GA TA FO     MP     PP MP  PK MP  
------------------------------------------------------------------------------------
Brett Lebda              0  0  0  -2  0   1  2  1  0  0  0/0    26:08   3:32   2:39 
Brian Sutherby           0  0  0  -2  0   3  0  0  1  0  5/14   19:02   3:07   2:09 
Craig Cunningham         0  0  0   0  2   1  3  2  0  0  0/0    10:31   0:00   0:48 
Dalton Prout             0  0  0  -1  0   1  2  1  0  0  0/0    20:25   2:25   1:27 
Erik Haula               0  0  0  -1  0   1  1  0  0  1  9/25   18:45   2:50   0:00 
Juraj Mikus              0  0  0   0  0   1  0  0  0  0  2/4    11:05   0:00   0:56 
Kevin Marshall           0  0  0  -2  0   3  1  1  0  0  0/0    26:23   3:32   2:39 
Luke Witkowski           0  1  1   1  0   0  1  1  0  1  0/0    13:12   0:00   0:00 
Mason Raymond            0  1  1  -1  0   3  2  0  2  0  1/1    20:42   3:07   0:55 
Oscar Klefbom            0  1  1   1  0   2  0  0  1  0  0/0    13:27   0:00   0:00 
Rhett Rakhshani          1  0  1   1  0   2  2  1  0  0  0/2     9:51   0:00   0:00 
Rickard Rakell           0  0  0   1  0   0  3  1  0  2  1/2    10:27   0:00   0:36 
Roman Josi               0  0  0  -1  0   4  0  1  0  1  0/0    20:25   2:25   1:27 
Spencer Machacek         0  0  0  -2  2   3  1  0  0  1  0/0    17:40   2:50   0:28 
Teemu Pulkkinen          0  0  0   1  2   0  0  0  1  0  0/0    10:06   0:00   0:00 
Tim Kennedy              0  1  1  -2  0   0  1  2  2  0  0/1    16:32   2:50   0:00 
Tyler Kennedy            1  0  1  -1  0   5  0  0  1  0  0/3    21:26   3:07   2:20 
Tyler Pitlick            0  0  0   0  0   0  1  0  1  0  0/0     9:44   0:00   0:00 

3 Stars

1 - Stanislav Chistov (BIN)
2 - Cody Hodgson (BIN)
3 - Logan Stephenson (BIN)

Power Play

Senators - 1 on 3 Attempt(s) - 33,33%
Saguenéens - 0 on 3 Attempt(s) - 0,00%

Penalty Kill

Senators - 3 on 3 Attempt(s) - 100,00% - Score 0 goal in Penalty Kill
Saguenéens - 2 on 3 Attempt(s) - 66,67% - Score 0 goal in Penalty Kill

Team Stat

Senators - Hits : 21 - Faceoff Wins : 34 - Blocked Shots : 21 - Penalty Minutes : 6
Saguenéens - Hits : 20 - Faceoff Wins : 18 - Blocked Shots : 11 - Penalty Minutes : 6

Official

Referees : Meier Brad and Auger Stephane
Linesman : Steve Miller and Greg Devorski

Game Notes

No Game Note

Finance

Level 1 -- Attendance: 1464 (73,20%) -- Ticket Income 58 560 $
Level 2 -- Attendance: 693 (69,30%) -- Ticket Income 13 860 $
Total Attendance: 2157 (71,90%)
Total Ticket Income: 72 420 $
Other Income: 3 621 $
Total Income: 76 041 $

Senators

5 vs 5 Forward 
   Center                   Left Wing                Right Wing               Time % Phy DF OF 
 1 Cody Hodgson             Sergei Kostitsyn         Stanislav Chistov        40     1   2  2  
 2 Mark Olver               Gabriel Bourque          Jack Skille              30     1   2  2  
 3 Nick Bjugstad            Jaden Schwartz           Matt Frattin             20     1   2  2  
 4 Josh Hennessy            Andy Hilbert             Tomas Jurco              10     1   2  2  

5 vs 5 Defense 
   Defense                  Defense                                           Time % Phy DF OF 
 1 Milan Jurcina            Logan Stephenson                                  40     1   2  2  
 2 Shane Sims               Jeff Petry                                        30     1   2  2  
 3 Martin Marincin          Nicolas Deslauriers                               20     1   2  2  
 4 Milan Jurcina            Logan Stephenson                                  10     1   2  2  

PowerPlay Forward 
   Center                   Left Wing                Right Wing               Time % Phy DF OF 
 1 Cody Hodgson             Sergei Kostitsyn         Stanislav Chistov        60     0   1  3  
 2 Josh Hennessy            Andy Hilbert             Jack Skille              40     1   1  3  

PowerPlay Defense
   Defense                  Defense                                           Time % Phy DF OF 
 1 Milan Jurcina            Logan Stephenson                                  60     1   2  2  
 2 Shane Sims               Jeff Petry                                        40     1   2  2  

Penalty Kill 4 Players Forward 
   Center                   Wing                     Time % Phy DF OF 
 1 Sergei Kostitsyn         Andy Hilbert             60     1   2  2  
 2 Cody Hodgson             Stanislav Chistov        40     1   2  2  

Penalty Kill 4 Players Defense
   Defense                  Defense                  Time % Phy DF OF 
 1 Milan Jurcina            Logan Stephenson         60     1   2  2  
 2 Shane Sims               Jeff Petry               40     1   2  2  

Penalty Kill - 3 Players Forward 
   Forward                                           Time % Phy DF OF 
 1 Sergei Kostitsyn                                  60     1   2  2  
 2 Andy Hilbert                                      40     1   2  2  

Penalty Kill - 3 Players Defense
   Defense                  Defense                  Time % Phy DF OF 
 1 Milan Jurcina            Logan Stephenson         60     1   2  2  
 2 Shane Sims               Jeff Petry               40     1   2  2  

4 vs 4 Forward 
   Center                   Wing                     Time % Phy DF OF 
 1 Sergei Kostitsyn         Andy Hilbert             60     1   2  2  
 2 Cody Hodgson             Stanislav Chistov        40     1   2  2  

4 vs 4 Defense
   Defense                  Defense                  Time % Phy DF OF 
 1 Milan Jurcina            Logan Stephenson         60     1   2  2  
 2 Shane Sims               Jeff Petry               40     1   2  2  

Last Minutes Offensive
   Center                   Left Wing                Right Wing               Defense                  Defense                  
   Cody Hodgson             Sergei Kostitsyn         Stanislav Chistov        Milan Jurcina            Logan Stephenson         

Last Minutes Defensive
   Center                   Left Wing                Right Wing               Defense                  Defense                  
   Cody Hodgson             Sergei Kostitsyn         Stanislav Chistov        Milan Jurcina            Logan Stephenson         

Goaltenders
Starting : Jeff Frazee              
Backup : Marc Denis               

Extra Forwards
Normal : Gabriel Bourque, Jaden Schwartz, Mark Olver - PP : Gabriel Bourque, Jaden Schwartz - PK : Mark Olver
Extra Defensemen
Normal : Martin Marincin, Jeff Petry, Shane Sims - PP : Martin Marincin - PK : Jeff Petry, Shane Sims
Penalty Shots
Sergei Kostitsyn, Andy Hilbert, Cody Hodgson, Stanislav Chistov, Josh Hennessy

Saguenéens

5 vs 5 Forward 
   Center                   Left Wing                Right Wing               Time % Phy DF OF 
 1 Erik Haula               Mason Raymond            Tyler Kennedy            40     1   2  2  
 2 Brian Sutherby           Tim Kennedy              Spencer Machacek         30     1   2  2  
 3 Juraj Mikus              Craig Cunningham         Tyler Pitlick            20     1   2  2  
 4 Rickard Rakell           Teemu Pulkkinen          Rhett Rakhshani          10     1   2  2  

5 vs 5 Defense 
   Defense                  Defense                                           Time % Phy DF OF 
 1 Brett Lebda              Kevin Marshall                                    40     1   2  2  
 2 Dalton Prout             Roman Josi                                        30     1   2  2  
 3 Luke Witkowski           Oscar Klefbom                                     20     1   2  2  
 4 Brett Lebda              Kevin Marshall                                    10     1   2  2  

PowerPlay Forward 
   Center                   Left Wing                Right Wing               Time % Phy DF OF 
 1 Brian Sutherby           Mason Raymond            Tyler Kennedy            60     1   2  2  
 2 Erik Haula               Tim Kennedy              Spencer Machacek         40     1   2  2  

PowerPlay Defense
   Defense                  Defense                                           Time % Phy DF OF 
 1 Brett Lebda              Kevin Marshall                                    60     1   2  2  
 2 Dalton Prout             Roman Josi                                        40     1   2  2  

Penalty Kill 4 Players Forward 
   Center                   Wing                     Time % Phy DF OF 
 1 Brian Sutherby           Tyler Kennedy            60     1   2  2  
 2 Mason Raymond            Spencer Machacek         40     1   2  2  

Penalty Kill 4 Players Defense
   Defense                  Defense                  Time % Phy DF OF 
 1 Brett Lebda              Kevin Marshall           60     1   2  2  
 2 Dalton Prout             Roman Josi               40     1   2  2  

Penalty Kill - 3 Players Forward 
   Forward                                           Time % Phy DF OF 
 1 Brian Sutherby                                    60     1   2  2  
 2 Tyler Kennedy                                     40     1   2  2  

Penalty Kill - 3 Players Defense
   Defense                  Defense                  Time % Phy DF OF 
 1 Brett Lebda              Kevin Marshall           60     1   2  2  
 2 Dalton Prout             Roman Josi               40     1   2  2  

4 vs 4 Forward 
   Center                   Wing                     Time % Phy DF OF 
 1 Brian Sutherby           Tyler Kennedy            60     1   2  2  
 2 Mason Raymond            Spencer Machacek         40     1   2  2  

4 vs 4 Defense
   Defense                  Defense                  Time % Phy DF OF 
 1 Brett Lebda              Kevin Marshall           60     1   2  2  
 2 Dalton Prout             Roman Josi               40     1   2  2  

Last Minutes Offensive
   Center                   Left Wing                Right Wing               Defense                  Defense                  
   Brian Sutherby           Mason Raymond            Tyler Kennedy            Brett Lebda              Kevin Marshall           

Last Minutes Defensive
   Center                   Left Wing                Right Wing               Defense                  Defense                  
   Brian Sutherby           Mason Raymond            Tyler Kennedy            Brett Lebda              Kevin Marshall           

Goaltenders
Starting : Mike Smith               
Backup : Martin Jones             

Extra Forwards
Normal : Tyler Pitlick, Rhett Rakhshani, Juraj Mikus - PP : Tyler Pitlick, Rhett Rakhshani - PK : Juraj Mikus
Extra Defensemen
Normal : Luke Witkowski, Oscar Klefbom, Dalton Prout - PP : Luke Witkowski - PK : Oscar Klefbom, Dalton Prout
Penalty Shots
Brian Sutherby, Tyler Kennedy, Mason Raymond, Spencer Machacek, Erik Haula

% Time on Ice - Senators

Lines # - Real PCT - Wanted PCT - Time Play
Normal Forward
1 - 33% - 40% - 16:30
2 - 30% - 30% - 14:45
3 - 21% - 20% - 10:42
4 - 16% - 10% - 8:00
Normal Defense
1 - 38% - 40% - 19:01
2 - 33% - 30% - 16:26
3 - 25% - 20% - 12:29
4 - 4% - 10% - 2:01
PP Forward
1 - 56% - 60% - 2:18
2 - 44% - 40% - 1:48
PP Defense
1 - 65% - 60% - 2:40
2 - 35% - 40% - 1:26
PK Forward
1 - 81% - 60% - 4:50
2 - 19% - 40% - 1:07
PK Defense
1 - 62% - 60% - 3:42
2 - 38% - 40% - 2:15
PK3 Forward
1 - 0% - 60%
2 - 0% - 40%
PK3 Defense
1 - 0% - 60%
2 - 0% - 40%
44 Forward
1 - 0% - 60%
2 - 0% - 40%
44 Defense
1 - 0% - 60%
2 - 0% - 40%
Last Minute Offensive  - 0:00
Last Minute Defensive  - 0:00
Total
Forward - 60:00
Defense - 60:00

% Time on Ice - Saguenéens

Lines # - Real PCT - Wanted PCT - Time Play
Normal Forward
1 - 32% - 40% - 15:59
2 - 29% - 30% - 14:23
3 - 19% - 20% - 9:44
4 - 20% - 10% - 9:51
Normal Defense
1 - 36% - 40% - 17:52
2 - 33% - 30% - 16:33
3 - 26% - 20% - 13:09
4 - 5% - 10% - 2:23
PP Forward
1 - 52% - 60% - 3:07
2 - 48% - 40% - 2:50
PP Defense
1 - 59% - 60% - 3:32
2 - 41% - 40% - 2:25
PK Forward
1 - 78% - 60% - 3:11
2 - 22% - 40% - 0:55
PK Defense
1 - 65% - 60% - 2:39
2 - 35% - 40% - 1:27
PK3 Forward
1 - 0% - 60%
2 - 0% - 40%
PK3 Defense
1 - 0% - 60%
2 - 0% - 40%
44 Forward
1 - 0% - 60%
2 - 0% - 40%
44 Defense
1 - 0% - 60%
2 - 0% - 40%
Last Minute Offensive  - 0:00
Last Minute Defensive  - 0:00
Total
Forward - 60:00
Defense - 60:00

Play by Play

1st period


0:01 of 1st period - Cody Hodgson wins face-off versus Erik Haula in neutral zone.
1:19 of 1st period - Wrist shot by Shane Sims.
1:19 of 1st period - Deflect By Rhett Rakhshani.
1:19 of 1st period - Stopped by Mike Smith with a rebound.
1:37 of 1st period - Snap shot by Mason Raymond.
1:37 of 1st period - Stopped by Jeff Frazee with a rebound.
1:39 of 1st period - Slapshot by Erik Haula.
1:39 of 1st period - Shot Misses the Net.
1:41 of 1st period - Slapshot by Roman Josi.
1:41 of 1st period - Deflect By Tyler Kennedy.
1:41 of 1st period - Shot Misses the Net.
1:41 of 1st period - Puck is out of play.
1:42 of 1st period - Mark Olver wins face-off versus Brian Sutherby in Senators zone.
2:11 of 1st period - Wrist shot by Brian Sutherby.
2:11 of 1st period - Shot Blocked by Martin Marincin.
2:13 of 1st period - Wrist shot by Mason Raymond.
2:13 of 1st period - Shot Misses the Net.
2:15 of 1st period - Backhand shot by Erik Haula.
2:15 of 1st period - Shot Blocked by Sergei Kostitsyn.
2:17 of 1st period - Wrist shot by Tyler Kennedy.
2:17 of 1st period - Shot Blocked by Stanislav Chistov.
2:58 of 1st period - Backhand shot by Brett Lebda.
2:58 of 1st period - Stopped by Jeff Frazee without a rebound.
2:59 of 1st period - Erik Haula wins face-off versus Mark Olver in Senators zone.
3:02 of 1st period - Snap shot by Erik Haula.
3:02 of 1st period - Shot Misses the Net.
3:04 of 1st period - Wrist shot by Erik Haula.
3:04 of 1st period - Stopped by Jeff Frazee with a rebound.
3:06 of 1st period - Slapshot by Roman Josi.
3:06 of 1st period - Shot Blocked by Milan Jurcina.
3:08 of 1st period - Wrist shot by Mason Raymond.
3:08 of 1st period - Shot Blocked by Logan Stephenson.
3:10 of 1st period - Snap shot by Dalton Prout.
3:10 of 1st period - Stopped by Jeff Frazee with a rebound.
4:13 of 1st period - Off-side.
4:14 of 1st period - Josh Hennessy wins face-off versus Rhett Rakhshani in neutral zone.
4:44 of 1st period - Snap shot by Cody Hodgson.
4:44 of 1st period - Goal by Cody Hodgson - Senators : 1 - Saguenéens : 0.
4:45 of 1st period - Cody Hodgson wins face-off versus Erik Haula in neutral zone.
4:47 of 1st period - Off-side.
4:48 of 1st period - Erik Haula wins face-off versus Cody Hodgson in neutral zone.
5:44 of 1st period - Snap shot by Oscar Klefbom.
5:44 of 1st period - Stopped by Jeff Frazee with a rebound.
6:41 of 1st period - Tim Kennedy is hit by Mark Olver and loses puck.
6:54 of 1st period - Wrist shot by Mark Olver.
6:54 of 1st period - Stopped by Mike Smith without a rebound.
6:55 of 1st period - Nick Bjugstad wins face-off versus Erik Haula in Saguenéens zone.
8:00 of 1st period - Off-side.
8:01 of 1st period - Brian Sutherby wins face-off versus Gabriel Bourque in neutral zone.
8:04 of 1st period - Wrist shot by Spencer Machacek.
8:04 of 1st period - Stopped by Jeff Frazee with a rebound.
8:33 of 1st period - Slapshot by Matt Frattin.
8:33 of 1st period - Shot Misses the Net.
9:19 of 1st period - Milan Jurcina is hit by Rhett Rakhshani.
9:33 of 1st period - Wrist shot by Gabriel Bourque.
9:33 of 1st period - Stopped by Mike Smith without a rebound.
9:34 of 1st period - Mark Olver wins face-off versus Erik Haula in Saguenéens zone.
9:41 of 1st period - Snap shot by Jack Skille.
9:41 of 1st period - Stopped by Mike Smith with a rebound.
9:43 of 1st period - Wrist shot by Gabriel Bourque.
9:43 of 1st period - Stopped by Mike Smith with a rebound.
9:45 of 1st period - Slapshot by Nicolas Deslauriers.
9:45 of 1st period - Shot Misses the Net.
9:47 of 1st period - Slapshot by Martin Marincin.
9:47 of 1st period - Stopped by Mike Smith with a rebound.
9:49 of 1st period - Slapshot by Nicolas Deslauriers.
9:49 of 1st period - Deflect By Brett Lebda.
9:49 of 1st period - Stopped by Mike Smith with a rebound.
10:06 of 1st period - Snap shot by Cody Hodgson.
10:06 of 1st period - Shot Blocked by Tim Kennedy.
10:38 of 1st period - Craig Cunningham is hit by Josh Hennessy.
11:15 of 1st period - Slapshot by Cody Hodgson.
11:15 of 1st period - Shot Blocked by Luke Witkowski.
11:37 of 1st period - Jaden Schwartz is hit by Rickard Rakell and loses puck.
11:56 of 1st period - Mason Raymond is hit by Andy Hilbert and loses puck.
12:25 of 1st period - Logan Stephenson is hit by Craig Cunningham and loses puck.
12:39 of 1st period - Off-side.
12:40 of 1st period - Mark Olver wins face-off versus Brian Sutherby in neutral zone.
12:49 of 1st period - Wrist shot by Jack Skille.
12:49 of 1st period - Stopped by Mike Smith with a rebound.
13:21 of 1st period - Snap shot by Brian Sutherby.
13:21 of 1st period - Stopped by Jeff Frazee with a rebound.
13:23 of 1st period - Slapshot by Roman Josi.
13:23 of 1st period - Stopped by Jeff Frazee with a rebound.
13:25 of 1st period - Wrist shot by Spencer Machacek.
13:25 of 1st period - Deflect By Gabriel Bourque.
13:25 of 1st period - Stopped by Jeff Frazee with a rebound.
13:27 of 1st period - Wrist shot by Spencer Machacek.
13:27 of 1st period - Shot Misses the Net.
13:29 of 1st period - Wrist shot by Tim Kennedy.
13:29 of 1st period - Shot Blocked by Gabriel Bourque.
13:31 of 1st period - Snap shot by Brian Sutherby.
13:31 of 1st period - Deflect By Tim Kennedy.
13:31 of 1st period - Shot Misses the Net.
13:31 of 1st period - Puck is out of play.
13:32 of 1st period - Cody Hodgson wins face-off versus Tyler Kennedy in Senators zone.
13:32 of 1st period - Cody Hodgson is hit by Brett Lebda.
14:57 of 1st period - Snap shot by Jaden Schwartz.
14:57 of 1st period - Shot Misses the Net.
14:59 of 1st period - Slapshot by Nicolas Deslauriers.
14:59 of 1st period - Stopped by Mike Smith with a rebound.
15:01 of 1st period - Wrist shot by Nick Bjugstad.
15:01 of 1st period - Stopped by Mike Smith with a rebound.
15:11 of 1st period - Mason Raymond is hit by Gabriel Bourque and loses puck.
15:47 of 1st period - Logan Stephenson is hit by Craig Cunningham and loses puck.
15:56 of 1st period - Wrist shot by Juraj Mikus.
15:56 of 1st period - Shot Blocked by Logan Stephenson.
17:44 of 1st period - Andy Hilbert is hit by Rickard Rakell and loses puck.
18:05 of 1st period - Erik Haula is hit by Stanislav Chistov and loses puck.
18:10 of 1st period - Backhand shot by Stanislav Chistov.
18:10 of 1st period - Stopped by Mike Smith with a rebound.
18:41 of 1st period - Mark Olver is hit by Craig Cunningham and loses puck.
18:46 of 1st period - Wrist shot by Juraj Mikus.
18:46 of 1st period - Shot Misses the Net.
19:00 of 1st period - Icing by Jack Skille.
19:01 of 1st period - Rickard Rakell wins face-off versus Mark Olver in Senators zone.
19:02 of 1st period - Wrist shot by Rhett Rakhshani.
19:02 of 1st period - Shot Misses the Net.
19:34 of 1st period - Wrist shot by Sergei Kostitsyn.
19:34 of 1st period - Stopped by Mike Smith without a rebound.
19:35 of 1st period - Brian Sutherby wins face-off versus Cody Hodgson in Saguenéens zone.
19:40 of 1st period - Sergei Kostitsyn is hit by Brett Lebda and loses puck.
Goals for this period are 1 for Senators vs 0 for Saguenéens.
Shots for this period are 13 for Senators vs 9 for Saguenéens.

2nd period


0:01 of 2nd period - Cody Hodgson wins face-off versus Erik Haula in neutral zone.
0:17 of 2nd period - Logan Stephenson is hit by Erik Haula.
0:21 of 2nd period - Logan Stephenson is hit by Mason Raymond and loses puck.
0:34 of 2nd period - Kevin Marshall is hit by Matt Frattin and loses puck.
1:06 of 2nd period - Dalton Prout is hit by Logan Stephenson and loses puck.
1:35 of 2nd period - Minor Penalty to Andy Hilbert for Hooking.
1:36 of 2nd period - Sergei Kostitsyn wins face-off versus Brian Sutherby in Senators zone.
3:35 of 2nd period - Penalty to Andy Hilbert is over, Andy Hilbert is back on ice.
3:43 of 2nd period - Slapshot by Andy Hilbert.
3:43 of 2nd period - Stopped by Mike Smith with a rebound.
3:51 of 2nd period - Snap shot by Andy Hilbert.
3:51 of 2nd period - Shot Blocked by Dalton Prout.
4:05 of 2nd period - Slapshot by Roman Josi.
4:05 of 2nd period - Stopped by Jeff Frazee without a rebound.
4:06 of 2nd period - Mark Olver wins face-off versus Rhett Rakhshani in Senators zone.
4:17 of 2nd period - Wrist shot by Rhett Rakhshani.
4:17 of 2nd period - Goal by Rhett Rakhshani - Senators : 1 - Saguenéens : 1.
4:18 of 2nd period - Erik Haula wins face-off versus Cody Hodgson in neutral zone.
4:33 of 2nd period - Minor Penalty to Shane Sims for Hooking.
4:34 of 2nd period - Mason Raymond wins face-off versus Sergei Kostitsyn in Senators zone.
4:35 of 2nd period - Snap shot by Brian Sutherby.
4:35 of 2nd period - Shot Misses the Net.
4:37 of 2nd period - Snap shot by Mason Raymond.
4:37 of 2nd period - Shot Blocked by Logan Stephenson.
4:39 of 2nd period - Slapshot by Kevin Marshall.
4:39 of 2nd period - Shot Blocked by Logan Stephenson.
4:41 of 2nd period - Wrist shot by Brian Sutherby.
4:41 of 2nd period - Stopped by Jeff Frazee with a rebound.
5:01 of 2nd period - Brett Lebda is hit by Milan Jurcina.
5:11 of 2nd period - Slapshot by Tyler Kennedy.
5:11 of 2nd period - Shot Misses the Net.
5:17 of 2nd period - Mason Raymond is hit by Jeff Petry and loses puck.
6:24 of 2nd period - Andy Hilbert is hit by Mason Raymond and loses puck.
6:33 of 2nd period - Penalty to Shane Sims is over, Shane Sims is back on ice.
6:35 of 2nd period - Wrist shot by Stanislav Chistov.
6:35 of 2nd period - Shot Misses the Net.
6:37 of 2nd period - Minor Penalty to Craig Cunningham for Slashing.
6:38 of 2nd period - Cody Hodgson wins face-off versus Brian Sutherby in Saguenéens zone.
6:45 of 2nd period - Wrist shot by Sergei Kostitsyn.
6:45 of 2nd period - Deflect By Stanislav Chistov.
6:45 of 2nd period - Goal by Stanislav Chistov - Senators : 2 - Saguenéens : 1.
6:46 of 2nd period - Erik Haula wins face-off versus Cody Hodgson in neutral zone.
6:49 of 2nd period - Slapshot by Erik Haula.
6:49 of 2nd period - Shot Blocked by Stanislav Chistov.
6:51 of 2nd period - Snap shot by Erik Haula.
6:51 of 2nd period - Shot Misses the Net.
6:53 of 2nd period - Snap shot by Tyler Kennedy.
6:53 of 2nd period - Shot Misses the Net.
6:55 of 2nd period - Slapshot by Kevin Marshall.
6:55 of 2nd period - Stopped by Jeff Frazee with a rebound.
7:40 of 2nd period - Wrist shot by Mark Olver.
7:40 of 2nd period - Shot Misses the Net.
7:42 of 2nd period - Slapshot by Jeff Petry.
7:42 of 2nd period - Stopped by Mike Smith without a rebound.
7:43 of 2nd period - Cody Hodgson wins face-off versus Erik Haula in Saguenéens zone.
8:10 of 2nd period - Icing by Nick Bjugstad.
8:11 of 2nd period - Brian Sutherby wins face-off versus Nick Bjugstad in Senators zone.
8:12 of 2nd period - Snap shot by Spencer Machacek.
8:12 of 2nd period - Stopped by Jeff Frazee with a rebound.
8:40 of 2nd period - Snap shot by Sergei Kostitsyn.
8:40 of 2nd period - Stopped by Mike Smith with a rebound.
8:42 of 2nd period - Snap shot by Cody Hodgson.
8:42 of 2nd period - Shot Blocked by Roman Josi.
8:44 of 2nd period - Snap shot by Cody Hodgson.
8:44 of 2nd period - Stopped by Mike Smith without a rebound.
8:45 of 2nd period - Erik Haula wins face-off versus Cody Hodgson in Saguenéens zone.
8:45 of 2nd period - Erik Haula is hit by Logan Stephenson.
8:51 of 2nd period - Slapshot by Kevin Marshall.
8:51 of 2nd period - Deflect By Logan Stephenson.
8:51 of 2nd period - Stopped by Jeff Frazee with a rebound.
9:20 of 2nd period - Backhand shot by Gabriel Bourque.
9:20 of 2nd period - Stopped by Mike Smith with a rebound.
10:20 of 2nd period - Snap shot by Brian Sutherby.
10:20 of 2nd period - Shot Blocked by Milan Jurcina.
10:22 of 2nd period - Slapshot by Luke Witkowski.
10:22 of 2nd period - Shot Blocked by Stanislav Chistov.
10:24 of 2nd period - Slapshot by Spencer Machacek.
10:24 of 2nd period - Deflect By Brian Sutherby.
10:24 of 2nd period - Shot Hit the Post.
10:24 of 2nd period - Puck is out of play.
10:25 of 2nd period - Mark Olver wins face-off versus Erik Haula in Senators zone.
10:27 of 2nd period - Minor Penalty to Logan Stephenson for Roughing.
10:28 of 2nd period - Sergei Kostitsyn wins face-off versus Brian Sutherby in Senators zone.
12:27 of 2nd period - Penalty to Logan Stephenson is over, Logan Stephenson is back on ice.
12:41 of 2nd period - Slapshot by Jaden Schwartz.
12:41 of 2nd period - Stopped by Mike Smith with a rebound.
12:43 of 2nd period - Snap shot by Nicolas Deslauriers.
12:43 of 2nd period - Shot Misses the Net.
12:55 of 2nd period - Gabriel Bourque is hit by Rickard Rakell and loses puck.
13:08 of 2nd period - Wrist shot by Rhett Rakhshani.
13:08 of 2nd period - Stopped by Jeff Frazee without a rebound.
13:09 of 2nd period - Nick Bjugstad wins face-off versus Juraj Mikus in Senators zone.
13:09 of 2nd period - Nick Bjugstad is hit by Dalton Prout.
13:20 of 2nd period - Nick Bjugstad is hit by Tyler Pitlick and loses puck.
13:31 of 2nd period - Oscar Klefbom is hit by Stanislav Chistov and loses puck.
13:50 of 2nd period - Rickard Rakell is hit by Josh Hennessy and loses puck.
13:59 of 2nd period - Snap shot by Andy Hilbert.
13:59 of 2nd period - Stopped by Mike Smith with a rebound.
14:03 of 2nd period - Snap shot by Josh Hennessy.
14:03 of 2nd period - Shot Blocked by Rickard Rakell.
14:09 of 2nd period - Minor Penalty to Teemu Pulkkinen for Tripping.
14:10 of 2nd period - Cody Hodgson wins face-off versus Brian Sutherby in Saguenéens zone.
16:09 of 2nd period - Penalty to Teemu Pulkkinen is over, Teemu Pulkkinen is back on ice.
16:17 of 2nd period - Snap shot by Nick Bjugstad.
16:17 of 2nd period - Stopped by Mike Smith with a rebound.
16:19 of 2nd period - Wrist shot by Nick Bjugstad.
16:19 of 2nd period - Shot Misses the Net.
16:24 of 2nd period - Off-side.
16:25 of 2nd period - Nick Bjugstad wins face-off versus Juraj Mikus in neutral zone.
16:58 of 2nd period - Brian Sutherby is hit by Mark Olver and loses puck.
17:32 of 2nd period - Teemu Pulkkinen is hit by Mark Olver and loses puck.
17:37 of 2nd period - Slapshot by Gabriel Bourque.
17:37 of 2nd period - Shot Misses the Net.
17:39 of 2nd period - Slapshot by Mark Olver.
17:39 of 2nd period - Deflect By Gabriel Bourque.
17:39 of 2nd period - Shot Blocked by Rhett Rakhshani.
17:39 of 2nd period - Puck is out of play.
17:40 of 2nd period - Cody Hodgson wins face-off versus Erik Haula in Saguenéens zone.
17:43 of 2nd period - Snap shot by Sergei Kostitsyn.
17:43 of 2nd period - Deflect By Stanislav Chistov.
17:43 of 2nd period - Shot Misses the Net.
17:43 of 2nd period - Puck is out of play.
17:44 of 2nd period - Cody Hodgson wins face-off versus Erik Haula in Saguenéens zone.
17:47 of 2nd period - Wrist shot by Sergei Kostitsyn.
17:47 of 2nd period - Stopped by Mike Smith with a rebound.
17:49 of 2nd period - Slapshot by Logan Stephenson.
17:49 of 2nd period - Shot Misses the Net.
17:51 of 2nd period - Snap shot by Stanislav Chistov.
17:51 of 2nd period - Stopped by Mike Smith with a rebound.
17:53 of 2nd period - Snap shot by Cody Hodgson.
17:53 of 2nd period - Stopped by Mike Smith with a rebound.
17:55 of 2nd period - Snap shot by Logan Stephenson.
17:55 of 2nd period - Deflect By Sergei Kostitsyn.
17:55 of 2nd period - Stopped by Mike Smith without a rebound.
17:56 of 2nd period - Cody Hodgson wins face-off versus Tyler Kennedy in Saguenéens zone.
18:29 of 2nd period - Snap shot by Jaden Schwartz.
18:29 of 2nd period - Shot Misses the Net.
18:45 of 2nd period - Snap shot by Juraj Mikus.
18:45 of 2nd period - Stopped by Jeff Frazee without a rebound.
18:46 of 2nd period - Juraj Mikus wins face-off versus Cody Hodgson in Senators zone.
18:47 of 2nd period - Slapshot by Craig Cunningham.
18:47 of 2nd period - Stopped by Jeff Frazee with a rebound.
19:11 of 2nd period - Erik Haula is hit by Jack Skille and loses puck.
19:20 of 2nd period - Backhand shot by Tyler Kennedy.
19:20 of 2nd period - Shot Misses the Net.
19:41 of 2nd period - Oscar Klefbom is hit by Jaden Schwartz and loses puck.
19:48 of 2nd period - Nicolas Deslauriers is hit by Luke Witkowski and loses puck.
Goals for this period are 1 for Senators vs 1 for Saguenéens.
Shots for this period are 13 for Senators vs 9 for Saguenéens.

3rd period


0:01 of 3rd period - Cody Hodgson wins face-off versus Tyler Kennedy in neutral zone.
0:04 of 3rd period - Slapshot by Milan Jurcina.
0:04 of 3rd period - Stopped by Mike Smith without a rebound.
0:05 of 3rd period - Cody Hodgson wins face-off versus Erik Haula in Saguenéens zone.
0:10 of 3rd period - Snap shot by Stanislav Chistov.
0:10 of 3rd period - Shot Misses the Net.
0:27 of 3rd period - Icing by Milan Jurcina.
0:28 of 3rd period - Mark Olver wins face-off versus Brian Sutherby in Senators zone.
0:33 of 3rd period - Snap shot by Logan Stephenson.
0:33 of 3rd period - Deflect By Roman Josi.
0:33 of 3rd period - Goal by Logan Stephenson - Senators : 3 - Saguenéens : 1.
0:34 of 3rd period - Stanislav Chistov wins face-off versus Erik Haula in neutral zone.
0:36 of 3rd period - Off-side.
0:37 of 3rd period - Stanislav Chistov wins face-off versus Erik Haula in neutral zone.
0:40 of 3rd period - Erik Haula is hit by Logan Stephenson and loses puck.
0:49 of 3rd period - Slapshot by Cody Hodgson.
0:49 of 3rd period - Shot Blocked by Kevin Marshall.
1:27 of 3rd period - Wrist shot by Josh Hennessy.
1:27 of 3rd period - Shot Blocked by Brett Lebda.
1:29 of 3rd period - Slapshot by Shane Sims.
1:29 of 3rd period - Deflect By Josh Hennessy.
1:29 of 3rd period - Goal by Josh Hennessy - Senators : 4 - Saguenéens : 1.
1:30 of 3rd period - Cody Hodgson wins face-off versus Erik Haula in neutral zone.
3:32 of 3rd period - Wrist shot by Mason Raymond.
3:32 of 3rd period - Stopped by Jeff Frazee with a rebound.
3:34 of 3rd period - Snap shot by Tyler Kennedy.
3:34 of 3rd period - Shot Misses the Net.
3:36 of 3rd period - Slapshot by Brett Lebda.
3:36 of 3rd period - Shot Misses the Net.
3:38 of 3rd period - Snap shot by Erik Haula.
3:38 of 3rd period - Shot Blocked by Nicolas Deslauriers.
3:44 of 3rd period - Snap shot by Tyler Kennedy.
3:44 of 3rd period - Stopped by Jeff Frazee with a rebound.
3:46 of 3rd period - Snap shot by Erik Haula.
3:46 of 3rd period - Shot Misses the Net.
3:48 of 3rd period - Snap shot by Tyler Kennedy.
3:48 of 3rd period - Stopped by Jeff Frazee with a rebound.
4:20 of 3rd period - Snap shot by Mason Raymond.
4:20 of 3rd period - Shot Misses the Net.
4:22 of 3rd period - Snap shot by Mason Raymond.
4:22 of 3rd period - Stopped by Jeff Frazee without a rebound.
4:23 of 3rd period - Brian Sutherby wins face-off versus Mark Olver in Senators zone.
4:50 of 3rd period - Snap shot by Jaden Schwartz.
4:50 of 3rd period - Shot Misses the Net.
5:32 of 3rd period - Wrist shot by Spencer Machacek.
5:32 of 3rd period - Shot Misses the Net.
5:34 of 3rd period - Snap shot by Spencer Machacek.
5:34 of 3rd period - Shot Misses the Net.
5:44 of 3rd period - Wrist shot by Spencer Machacek.
5:44 of 3rd period - Shot Blocked by Milan Jurcina.
5:46 of 3rd period - Slapshot by Roman Josi.
5:46 of 3rd period - Stopped by Jeff Frazee with a rebound.
5:48 of 3rd period - Snap shot by Brian Sutherby.
5:48 of 3rd period - Shot Blocked by Nick Bjugstad.
5:52 of 3rd period - Snap shot by Spencer Machacek.
5:52 of 3rd period - Shot Blocked by Nick Bjugstad.
5:54 of 3rd period - Slapshot by Roman Josi.
5:54 of 3rd period - Shot Blocked by Logan Stephenson.
5:56 of 3rd period - Snap shot by Brian Sutherby.
5:56 of 3rd period - Stopped by Jeff Frazee without a rebound.
5:57 of 3rd period - Juraj Mikus wins face-off versus Sergei Kostitsyn in Senators zone.
6:05 of 3rd period - Slapshot by Jeff Petry.
6:05 of 3rd period - Shot Blocked by Craig Cunningham.
6:07 of 3rd period - Wrist shot by Cody Hodgson.
6:07 of 3rd period - Stopped by Mike Smith with a rebound.
6:09 of 3rd period - Snap shot by Stanislav Chistov.
6:09 of 3rd period - Shot Blocked by Craig Cunningham.
6:33 of 3rd period - Slapshot by Oscar Klefbom.
6:33 of 3rd period - Stopped by Jeff Frazee with a rebound.
6:35 of 3rd period - Slapshot by Oscar Klefbom.
6:35 of 3rd period - Shot Blocked by Mark Olver.
6:37 of 3rd period - Snap shot by Rickard Rakell.
6:37 of 3rd period - Shot Blocked by Gabriel Bourque.
6:46 of 3rd period - Off-side.
6:47 of 3rd period - Erik Haula wins face-off versus Josh Hennessy in neutral zone.
6:54 of 3rd period - Slapshot by Tyler Kennedy.
6:54 of 3rd period - Shot Blocked by Jeff Petry.
6:56 of 3rd period - Slapshot by Tyler Kennedy.
6:56 of 3rd period - Stopped by Jeff Frazee with a rebound.
6:58 of 3rd period - Slapshot by Kevin Marshall.
6:58 of 3rd period - Stopped by Jeff Frazee without a rebound.
6:59 of 3rd period - Cody Hodgson wins face-off versus Erik Haula in Senators zone.
7:11 of 3rd period - Wrist shot by Stanislav Chistov.
7:11 of 3rd period - Goal by Stanislav Chistov - Senators : 5 - Saguenéens : 1.
7:12 of 3rd period - Erik Haula wins face-off versus Cody Hodgson in neutral zone.
7:36 of 3rd period - Icing by Stanislav Chistov.
7:37 of 3rd period - Cody Hodgson wins face-off versus Brian Sutherby in Senators zone.
7:37 of 3rd period - Cody Hodgson is hit by Dalton Prout.
9:19 of 3rd period - Wrist shot by Tyler Kennedy.
9:19 of 3rd period - Goal by Tyler Kennedy - Senators : 5 - Saguenéens : 2.
9:20 of 3rd period - Cody Hodgson wins face-off versus Erik Haula in neutral zone.
9:23 of 3rd period - Slapshot by Cody Hodgson.
9:23 of 3rd period - Stopped by Mike Smith with a rebound.
9:25 of 3rd period - Slapshot by Nicolas Deslauriers.
9:25 of 3rd period - Shot Misses the Net.
9:45 of 3rd period - Jack Skille is hit by Spencer Machacek.
9:53 of 3rd period - Off-side.
9:54 of 3rd period - Cody Hodgson wins face-off versus Erik Haula in neutral zone.
10:19 of 3rd period - Roman Josi is hit by Jack Skille and loses puck.
10:30 of 3rd period - Snap shot by Mark Olver.
10:30 of 3rd period - Stopped by Mike Smith with a rebound.
10:32 of 3rd period - Snap shot by Jack Skille.
10:32 of 3rd period - Shot Blocked by Tim Kennedy.
10:38 of 3rd period - Minor Penalty to Spencer Machacek for Roughing.
10:39 of 3rd period - Cody Hodgson wins face-off versus Brian Sutherby in Saguenéens zone.
10:44 of 3rd period - Backhand shot by Sergei Kostitsyn.
10:44 of 3rd period - Shot Misses the Net.
10:51 of 3rd period - Snap shot by Stanislav Chistov.
10:51 of 3rd period - Shot Misses the Net.
10:53 of 3rd period - Slapshot by Cody Hodgson.
10:53 of 3rd period - Stopped by Mike Smith without a rebound.
10:54 of 3rd period - Brian Sutherby wins face-off versus Cody Hodgson in Saguenéens zone.
12:38 of 3rd period - Penalty to Spencer Machacek is over, Spencer Machacek is back on ice.
13:08 of 3rd period - Slapshot by Roman Josi.
13:08 of 3rd period - Stopped by Jeff Frazee without a rebound.
13:09 of 3rd period - Tomas Jurco wins face-off versus Rickard Rakell in Senators zone.
13:18 of 3rd period - Rhett Rakhshani is hit by Mark Olver and loses puck.
13:33 of 3rd period - Slapshot by Mark Olver.
13:33 of 3rd period - Shot Misses the Net.
14:35 of 3rd period - Wrist shot by Rhett Rakhshani.
14:35 of 3rd period - Shot Misses the Net.
14:45 of 3rd period - Snap shot by Mark Olver.
14:45 of 3rd period - Stopped by Mike Smith without a rebound.
14:46 of 3rd period - Erik Haula wins face-off versus Cody Hodgson in Saguenéens zone.
14:54 of 3rd period - Off-side.
14:55 of 3rd period - Erik Haula wins face-off versus Cody Hodgson in neutral zone.
15:04 of 3rd period - Snap shot by Tyler Kennedy.
15:04 of 3rd period - Stopped by Jeff Frazee with a rebound.
15:10 of 3rd period - Logan Stephenson is hit by Kevin Marshall and loses puck.
15:21 of 3rd period - Snap shot by Cody Hodgson.
15:21 of 3rd period - Deflect By Tyler Kennedy.
15:21 of 3rd period - Stopped by Mike Smith with a rebound.
15:23 of 3rd period - Snap shot by Sergei Kostitsyn.
15:23 of 3rd period - Stopped by Mike Smith with a rebound.
16:06 of 3rd period - Kevin Marshall is hit by Cody Hodgson and loses puck.
16:19 of 3rd period - Slapshot by Brett Lebda.
16:19 of 3rd period - Deflect By Erik Haula.
16:19 of 3rd period - Shot Blocked by Logan Stephenson.
16:19 of 3rd period - Puck is out of play.
16:20 of 3rd period - Nick Bjugstad wins face-off versus Tim Kennedy in Senators zone.
16:57 of 3rd period - Snap shot by Gabriel Bourque.
16:57 of 3rd period - Stopped by Mike Smith with a rebound.
17:22 of 3rd period - Shane Sims is hit by Rhett Rakhshani and loses puck.
17:33 of 3rd period - Jaden Schwartz is hit by Tim Kennedy and loses puck.
17:53 of 3rd period - Wrist shot by Andy Hilbert.
17:53 of 3rd period - Stopped by Mike Smith with a rebound.
18:01 of 3rd period - Kevin Marshall is hit by Nicolas Deslauriers and loses puck.
Goals for this period are 3 for Senators vs 1 for Saguenéens.
Shots for this period are 13 for Senators vs 12 for Saguenéens.